Map: Ascension to Aiur LE

Players

Maplez

  • Race: Protoss Protoss
  • League: Grandmaster
  • Spawn Location: 5:00

FireZerg - Winner!

  • Race: Zerg Zerg
  • League: Grandmaster
  • Spawn Location: 11:00

VOD

Have the link to the VOD?

Description

Time

  • Played on: Aug. 21, 2017, 5:58 p.m.
  • Length: 9:14
Show
View Real Time Build Order
Export as new Build Order

Maplez Protoss 

Build Orders: 1 Gate Expand, Oracle Opening, Phoenix Opening 

Get SALT Encoding   

  12  0:01  Probe (Chrono Boost)  
  13  0:11  Probe (Chrono Boost)  
  14  0:17  Pylon  
  14  0:22  Probe (Chrono Boost)  
  15  0:35  Probe (Chrono Boost)  
  16  0:39  Gateway  
  16  0:46  Probe (Chrono Boost)  
  16  0:48  Assimilator  
  17  0:56  Probe (Chrono Boost)  
  18  1:07  Probe (Chrono Boost)  
  19  1:17  Probe (Chrono Boost)  
  20  1:25  Nexus  
  20  1:28  Probe (Chrono Boost)  
  21  1:37  Cybernetics Core  
  21  1:41  Probe (Chrono Boost)  
  21  1:45  Assimilator  
  22  1:52  Pylon  
  22  1:55  Probe (Chrono Boost)  
  23  2:10  Probe (Chrono Boost)  
  23  2:15  Adept (Chrono Boost)  
  26  2:16  Warp Gate  
  26  2:21  Probe  
  27  2:29  Stargate  
  27  2:33  Probe  
  27  2:36  Probe  
  28  2:39  Adept (Chrono Boost)  
  31  2:45  Probe  
  31  2:47  Probe  
  33  2:57  Probe  
  33  2:58  Probe  
  34  3:02  Adept (Chrono Boost)  
  37  3:09  Probe x2  
  39  3:13  Oracle (Chrono Boost), Pylon  
  42  3:21  Probe  
  42  3:22  Probe, Gateway  
  42  3:34  Probe  
  42  3:35  Probe  
  42  3:37  Gateway  
  44  3:45  Probe, Phoenix (Chrono Boost)  
  44  3:46  Adept  
  49  3:50  Probe  
  49  3:52  Pylon  
  50  4:06  Oracle (Chrono Boost), Probe  
  54  4:16  Mothership Core  
  55  4:18  Probe  
  57  4:29  Nexus  
  57  4:30  Probe, Pylon  
  58  4:32  Assimilator  
  58  4:33  Assimilator  
  58  4:35  Probe  
  59  4:43  Probe  
  60  4:46  Probe  
  60  4:47  Robotics Facility  
  60  4:52  Adept x3  
  63  4:55  Probe  
  63  4:57  Probe, Pylon  
  69  5:07  Probe  
  70  5:16  Probe  
  70  5:19  Probe  
  69  5:22  Twilight Council, Forge  
  69  5:27  Probe  
  70  5:31  Probe, Pylon  
  70  5:34  Warp Prism (Chrono Boost)  
  73  5:39  Probe  
  73  5:40  Probe  
  73  5:41  Protoss Ground Weapons Level 1  
  75  5:43  Probe  
  75  5:45  Gateway  
  75  5:47  Gateway  
  76  5:50  Charge (Chrono Boost)  
  76  5:51  Probe x2, Gateway  
  76  5:56  Sentry x3  
  84  6:00  Probe  
  84  6:03  Pylon  
  85  6:05  Probe x2  
  87  6:12  Probe  
  87  6:13  Templar Archives  
  87  6:18  Pylon, Assimilator  
  88  6:19  Probe  
  88  6:21  Assimilator  
  89  6:26  Zealot x2  
  89  6:27  Zealot  
  95  6:35  Probe  
  95  6:37  Probe  
  97  6:41  Psionic Storm  
  97  6:44  Gateway x2  
  97  6:45  Gateway  
  97  6:46  Immortal (Chrono Boost), Gateway  
  97  6:49  Probe  
  98  7:05  Zealot x5  
  108  7:13  Probe  
  108  7:15  Probe  
  108  7:16  Probe  
  109  7:25  Probe  
  109  7:27  Probe  
  109  7:28  Immortal, Probe  
  106  7:35  Zealot  
  106  7:36  Zealot x2  
  116  7:37  Probe  
  116  7:39  Pylon  
  116  7:41  Pylon  
  116  7:42  Probe x2  
  115  7:44  Pylon  
  115  7:49  Probe  
  114  7:52  Gateway  
  114  8:03  Immortal, High Templar x5  
  124  8:13  Nexus  
  124  8:14  Robotics Facility  
  124  8:18  Pylon  
  124  8:22  Pylon  
  123  8:30  Pylon  
  123  8:41  Gateway  
  123  8:42  Probe  
  123  8:43  Gateway  
  123  8:44  Photon Cannon  
  123  8:46  High Templar x3  
  134  8:50  Zealot x5  
  138  8:55  Archon x2  
  138  9:02  Probe  
  117  9:03  Zealot  
  117  9:04  Zealot x2  
Show
View Real Time Build Order
Export as new Build Order

FireZerg Zerg - Winner!

Build Orders: Hatch First 

Get SALT Encoding   

  12  0:00  Drone  
  13  0:12  Overlord  
  13  0:16  Drone  
  14  0:31  Drone x2  
  16  0:48  Hatchery  
  15  0:52  Drone  
  15  0:55  Drone  
  17  0:58  Drone  
  18  1:05  Extractor  
  17  1:19  Spawning Pool  
  17  1:20  Drone  
  17  1:23  Drone  
  18  1:28  Drone  
  19  1:38  Drone  
  20  1:51  Overlord  
  20  2:05  Drone  
  20  2:06  Queen x2, Metabolic Boost  
  25  2:10  Zergling x2  
  25  2:13  Drone  
  27  2:16  Zergling x2  
  27  2:22  Zergling x2  
  29  2:23  Drone  
  30  2:32  Overlord  
  30  2:35  Drone  
  31  2:42  Queen  
  33  2:44  Pneumatized Carapace  
  33  2:50  Drone x2  
  35  2:54  Overlord  
  35  3:00  Drone  
  35  3:04  Zergling x2  
  37  3:08  Drone  
  38  3:15  Drone x2  
  38  3:16  Drone  
  38  3:17  Drone x3  
  44  3:24  Drone x2  
  46  3:41  Hatchery  
  44  3:43  Spore Crawler  
  44  3:48  Drone, Overlord  
  44  3:49  Drone x5  
  44  3:55  Drone x2  
  51  4:01  Evolution Chamber  
  50  4:10  Spore Crawler  
  50  4:13  Queen x2  
  50  4:14  Overlord  
  50  4:15  Overlord  
  54  4:17  Drone x2  
  54  4:21  Drone x3  
  58  4:27  Drone  
  58  4:28  Zerg Melee Weapons Level 1  
  59  4:38  Zergling x10  
  62  4:41  Drone  
  65  4:48  Drone  
  66  4:56  Spore Crawler  
  65  5:00  Drone x8  
  65  5:05  Drone x2  
  72  5:16  Drone x3  
  72  5:19  Lair  
  75  5:22  Baneling Nest, Drone  
  75  5:23  Extractor x2, Drone  
  75  5:24  Extractor  
  73  5:34  Hatchery, Drone x9  
  81  5:52  Zergling x2  
  81  5:54  Overlord x4  
  82  6:02  Spine Crawler  
  81  6:04  Extractor  
  81  6:05  Extractor  
  81  6:07  Baneling x5  
  79  6:14  Drone x3  
  79  6:16  Drone x2  
  84  6:20  Hatchery  
  84  6:21  Zergling x18  
  84  6:23  Centrifical Hooks  
  91  6:27  Hydralisk Den  
  91  6:28  Drone  
  91  6:40  Overlord x3  
  91  6:53  Zerg Melee Weapons Level 2  
  91  6:57  Hydralisk  
  91  6:58  Muscular Augments, Hydralisk x4  
  91  7:00  Zergling x14  
  108  7:11  Hydralisk x3  
  108  7:12  Hydralisk x2  
  118  7:17  Hydralisk  
  118  7:19  Zergling x2  
  118  7:20  Zergling x10  
  125  7:32  Hydralisk x5  
  134  7:39  Drone x2  
  132  7:56  Hydralisk  
  132  7:57  Hydralisk x3  
  132  7:58  Overlord x5  
  139  8:07  Baneling x2  
  139  8:08  Baneling x10  
  139  8:11  Overlord x2  
  139  8:16  Overlord  
  139  8:21  Overseer  
  139  8:24  Zergling x2  
  139  8:25  Zergling x16  
  147  8:35  Hydralisk x7  
  161  8:46  Baneling x2  
  161  8:47  Baneling x10  
  161  8:48  Zergling x10  
Tags
 
Add a new tag
Caveats
  • Supply blocks, unpowered buildings, or Contaminate may cause inaccurate times.
  • Supply counts are checked every 10 seconds.